TOP OF THE 1ST |
Athens Assassins batting - Pitching for Nashua Redlegs : LHP Raúl Fernández
|
Pitching: LHP Raúl Fernández
|
|
Batting: SHB Emílio Calvillo
|
0-0: Swinging Strike 0-1: Foul Ball, location: 2F 0-2: Ball 1-2: SINGLE (Groundball, 5D)
|
Batting: RHB Alexander Barr
|
0-0: Called Strike 0-1: Ball 1-1: Foul Ball, location: 2F 1-2: Strikes out swinging
|
Batting: RHB Jason Erickson
|
0-0: Ball 1-0: Ball Emílio Calvillo steals 2nd base 2-0: Ball Emílio Calvillo steals 3rd base 3-0: Fly out, F8 (Flyball, 8RXD) Runner from 3rd tags up, SCORES, no throw
|
Batting: RHB Roderick Silva
|
0-0: SINGLE (Flyball, 9S)
|
Batting: RHB Foster Hapgood
|
0-0: Ball 1-0: Ball 2-0: Foul Ball, location: 2F 2-1: Ball 3-1: Foul Ball, location: 2F 3-2: Base on Balls Roderick Silva to second
|
Batting: RHB Júlio Rodríguez
|
0-0: Ball 1-0: Called Strike 1-1: Ball 2-1: Swinging Strike 2-2: Strikes out swinging
|
Top of the 1st over - 1 run(s), 2 hit(s), 0 error(s), 2 left on base; Athens 1 - Nashua 0 |
BOTTOM OF THE 1ST |
Nashua Redlegs batting - Pitching for Athens Assassins : LHP Desi Wells
|
Pitching: LHP Desi Wells
|
|
Batting: SHB Ryan Holcomb
|
0-0: Called Strike 0-1: Called Strike 0-2: Strikes out swinging
|
Batting: RHB José Zumaya
|
0-0: Called Strike 0-1: Foul Ball, location: 2F 0-2: Ball 1-2: Strikes out swinging
|
Batting: RHB Currito Campos
|
0-0: Called Strike 0-1: Foul Ball, location: 2F 0-2: Fly out, F8 (Flyball, 8LM)
|
Bottom of the 1st over - 0 run(s), 0 hit(s), 0 error(s), 0 left on base; Athens 1 - Nashua 0 |
TOP OF THE 2ND |
Athens Assassins batting - Pitching for Nashua Redlegs : LHP Raúl Fernández
|
Batting: LHB Milo Glenn
|
0-0: Fly out, F6 (Popup, 4MD)
|
Batting: SHB Félix Montoya
|
0-0: Fly out, F6 (Line Drive, 6)
|
Batting: RHB James Anderson
|
0-0: Ball 1-0: Ball 2-0: Ball 3-0: Called Strike 3-1: Foul Ball, location: 2F 3-2: SINGLE (Line Drive, 7LS)
|
Batting: SHB Emílio Calvillo
|
0-0: Called Strike 0-1: Called Strike Pickoff Throw to First - Out!
|
Top of the 2nd over - 0 run(s), 1 hit(s), 0 error(s), 0 left on base; Athens 1 - Nashua 0 |
BOTTOM OF THE 2ND |
Nashua Redlegs batting - Pitching for Athens Assassins : LHP Desi Wells
|
Batting: RHB Eleuterio Supardo
|
0-0: Ball 1-0: Called Strike 1-1: Swinging Strike 1-2: Foul Ball, location: 2F 1-2: Strikes out looking
|
Batting: RHB Joe Noble
|
0-0: Called Strike 0-1: Foul Ball, location: 2F 0-2: Strikes out swinging
|
Batting: RHB Spencer Pritchett
|
0-0: Called Strike 0-1: Swinging Strike 0-2: Ball 1-2: Foul Ball, location: 2F 1-2: Fly out, F6 (Popup, 6D)
|
Bottom of the 2nd over - 0 run(s), 0 hit(s), 0 error(s), 0 left on base; Athens 1 - Nashua 0 |
TOP OF THE 3RD |
Athens Assassins batting - Pitching for Nashua Redlegs : LHP Raúl Fernández
|
Batting: SHB Emílio Calvillo
|
0-0: Ground out 4-3 (Groundball, 4)
|
Batting: RHB Alexander Barr
|
0-0: Ball 1-0: Called Strike 1-1: Foul Ball, location: 2F 1-2: Ball 2-2: Strikes out swinging
|
Batting: RHB Jason Erickson
|
0-0: Ball 1-0: Ball 2-0: Foul Ball, location: 2F 2-1: Foul Ball, location: 2F 2-2: Foul Ball, location: 2F 2-2: Strikes out swinging
|
Top of the 3rd over - 0 run(s), 0 hit(s), 0 error(s), 0 left on base; Athens 1 - Nashua 0 |
BOTTOM OF THE 3RD |
Nashua Redlegs batting - Pitching for Athens Assassins : LHP Desi Wells
|
Batting: RHB José García
|
0-0: Ball 1-0: Ball 2-0: Called Strike 2-1: Foul Ball, location: 2F 2-2: Fly out, F5 (Popup, 56)
|
Batting: RHB Toju Noguchi
|
0-0: Called Strike 0-1: Ball 1-1: Ball 2-1: Ball 3-1: Called Strike 3-2: Foul Ball, location: 2F 3-2: Strikes out swinging
|
Batting: RHB Katsuhito Ohayashi
|
0-0: Called Strike 0-1: Ball 1-1: Ball 2-1: Ground out 5-3 (Groundball, 5L)
|
Bottom of the 3rd over - 0 run(s), 0 hit(s), 0 error(s), 0 left on base; Athens 1 - Nashua 0 |
TOP OF THE 4TH |
Athens Assassins batting - Pitching for Nashua Redlegs : LHP Raúl Fernández
|
Batting: RHB Roderick Silva
|
0-0: SINGLE (Line Drive, 6M)
|
Batting: RHB Foster Hapgood
|
0-0: Ball 1-0: Fly out, F9 (Flyball, 9LMF)
|
Batting: RHB Júlio Rodríguez
|
0-0: Ball 1-0: Foul Ball, location: 2F 1-1: Swinging Strike 1-2: Ball 2-2: Strikes out looking
|
Batting: LHB Milo Glenn
|
0-0: Called Strike 0-1: Ball 1-1: Foul Ball, location: 2F 1-2: Fielders Choice at 2nd, 4-6 (Groundball, 34)
|
Top of the 4th over - 0 run(s), 1 hit(s), 0 error(s), 0 left on base; Athens 1 - Nashua 0 |
BOTTOM OF THE 4TH |
Nashua Redlegs batting - Pitching for Athens Assassins : LHP Desi Wells
|
Batting: SHB Ryan Holcomb
|
0-0: Swinging Strike 0-1: Bunted foul 0-2: Ball 1-2: Ball 2-2: Strikes out swinging
|
Batting: RHB José Zumaya
|
0-0: Swinging Strike 0-1: Ground out 4-3 (Groundball, 4S)
|
Batting: RHB Currito Campos
|
0-0: DOUBLE (Line Drive, 7LM)
|
Batting: RHB Eleuterio Supardo
|
0-0: Called Strike 0-1: Ball 1-1: Foul Ball, location: 2F 1-2: Strikes out swinging
|
Bottom of the 4th over - 0 run(s), 1 hit(s), 0 error(s), 1 left on base; Athens 1 - Nashua 0 |
TOP OF THE 5TH |
Athens Assassins batting - Pitching for Nashua Redlegs : LHP Raúl Fernández
|
Batting: SHB Félix Montoya
|
0-0: SINGLE (Line Drive, 3L)
|
Batting: RHB James Anderson
|
0-0: Ball Félix Montoya steals 2nd base 1-0: Ground out 4-3 (Groundball, 4) Félix Montoya to third
|
Batting: SHB Emílio Calvillo
|
0-0: Ground out 4-3 (Groundball, 34)
|
Batting: RHB Alexander Barr
|
0-0: Ball 1-0: Ball 2-0: Ball 3-0: Called Strike 3-1: Foul Ball, location: 2F 3-2: Base on Balls
|
Batting: RHB Jason Erickson
|
0-0: Ball 1-0: Foul Ball, location: 2F 1-1: SINGLE (Line Drive, 6MD) Félix Montoya scores Alexander Barr to second
|
Batting: RHB Roderick Silva
|
0-0: Ball 1-0: Fly out, F9 (Flyball, 9LS)
|
Top of the 5th over - 1 run(s), 2 hit(s), 0 error(s), 2 left on base; Athens 2 - Nashua 0 |
BOTTOM OF THE 5TH |
Nashua Redlegs batting - Pitching for Athens Assassins : LHP Desi Wells
|
Batting: RHB Joe Noble
|
0-0: Ball 1-0: SINGLE (Groundball, 34S) (infield hit)
|
Batting: RHB Spencer Pritchett
|
0-0: Ball 1-0: SINGLE (Flyball, 6MD) Joe Noble to second
|
Batting: RHB José García
|
0-0: Called Strike 0-1: Ball 1-1: Foul Ball, location: 2F 1-2: Ball 2-2: Strikes out swinging
|
Batting: RHB Toju Noguchi
|
0-0: Called Strike 0-1: Called Strike 0-2: Ball 1-2: Foul Ball, location: 2F 1-2: Grounds into double play, 4-6-3 (Groundball, 4)
|
Bottom of the 5th over - 0 run(s), 2 hit(s), 0 error(s), 1 left on base; Athens 2 - Nashua 0 |
TOP OF THE 6TH |
Athens Assassins batting - Pitching for Nashua Redlegs : LHP Raúl Fernández
|
Batting: RHB Foster Hapgood
|
0-0: Ball 1-0: Called Strike 1-1: Foul Ball, location: 2F 1-2: Ball 2-2: Ball 3-2: Foul Ball, location: 2F 3-2: Foul Ball, location: 2F 3-2: Foul Ball, location: 2F 3-2: Ground out 4-3 (Groundball, 4)
|
Batting: RHB Júlio Rodríguez
|
0-0: Foul Ball, location: 2F 0-1: Foul Ball, location: 2F 0-2: SOLO HOME RUN (Flyball, 78XD), Distance : 408 ft
|
Pitching: LHP Salvatorio Navegero
|
|
Batting: LHB Milo Glenn
|
0-0: Ball 1-0: SINGLE (Line Drive, 6MD)
|
Batting: SHB Félix Montoya
|
0-0: Called Strike 0-1: Ball 1-1: Ball 2-1: Foul Ball, location: 2F 2-2: Grounds into double play, 6-4-3 (Groundball, 6)
|
Top of the 6th over - 1 run(s), 2 hit(s), 0 error(s), 0 left on base; Athens 3 - Nashua 0 |
BOTTOM OF THE 6TH |
Nashua Redlegs batting - Pitching for Athens Assassins : LHP Desi Wells
|
Batting: RHB Katsuhito Ohayashi
|
0-0: Ball 1-0: Reached on error, E6 (Groundball, 56)
|
Batting: SHB Ryan Holcomb
|
0-0: Swinging Strike 0-1: Swinging Strike 0-2: Ball 1-2: Strikes out looking
|
Batting: RHB José Zumaya
|
0-0: Ball 1-0: Ball 2-0: Ball 3-0: Base on Balls Katsuhito Ohayashi to second
|
Batting: RHB Currito Campos
|
0-0: Called Strike 0-1: Ball 1-1: Ball 2-1: Called Strike 2-2: Fielders Choice at 2nd, 3-6 (Groundball, 3) Katsuhito Ohayashi to third
|
Batting: RHB Eleuterio Supardo
|
0-0: Fly out, F9 (Flyball, 9)
|
Bottom of the 6th over - 0 run(s), 0 hit(s), 1 error(s), 2 left on base; Athens 3 - Nashua 0 |
TOP OF THE 7TH |
Athens Assassins batting - Pitching for Nashua Redlegs : LHP Salvatorio Navegero
|
Batting: RHB James Anderson
|
0-0: Ground out 6-3 (Groundball, 6)
|
Batting: SHB Emílio Calvillo
|
0-0: Called Strike 0-1: Ball 1-1: Ball 2-1: Reached on error, E1 (Groundball, 15)
|
Batting: RHB Alexander Barr
|
0-0: Ball 1-0: Swinging Strike 1-1: Fly out, F9 (Flyball, 9S)
|
Batting: RHB Jason Erickson
|
0-0: Called Strike 0-1: Ball 1-1: Fly out, F9 (Flyball, 89M)
|
Top of the 7th over - 0 run(s), 0 hit(s), 1 error(s), 1 left on base; Athens 3 - Nashua 0 |
BOTTOM OF THE 7TH |
Nashua Redlegs batting - Pitching for Athens Assassins : LHP Desi Wells
|
Batting: RHB Joe Noble
|
0-0: Ball 1-0: SINGLE (Groundball, 4MD)
|
Batting: RHB Spencer Pritchett
|
0-0: Called Strike 0-1: Ball 1-1: Swinging Strike 1-2: Foul Ball, location: 2F 1-2: Ball 2-2: Strikes out looking
|
Pitching: RHP Jason Mason
|
|
Batting: RHB José García
|
0-0: Ball 1-0: Ball 2-0: Swinging Strike 2-1: Ball 3-1: Base on Balls Joe Noble to second
|
Batting: RHB Toju Noguchi
|
0-0: Called Strike 0-1: Swinging Strike 0-2: Foul Ball, location: 2F 0-2: Ball 1-2: Ball 2-2: Ball 3-2: Base on Balls Joe Noble to third José García to second
|
Pinch Hitting: SHB José Flores
|
0-0: Called Strike 0-1: Ball 1-1: Foul Ball, location: 2F 1-2: Ball 2-2: Ball 3-2: DOUBLE (Line Drive, 78D) Joe Noble scores José García scores Toju Noguchi to third
|
Pitching: RHP Jorge Román
|
|
Batting: SHB Ryan Holcomb
|
0-0: 3-RUN HOME RUN (Flyball, 8LXD), Distance : 429 ft
|
Batting: RHB José Zumaya
|
0-0: Foul Ball, location: 2F 0-1: Ball 1-1: Ball 2-1: Called Strike 2-2: Ball 3-2: Strikes out looking
|
Batting: RHB Currito Campos
|
0-0: Ball 1-0: Called Strike 1-1: Swinging Strike 1-2: Strikes out swinging
|
Bottom of the 7th over - 5 run(s), 3 hit(s), 0 error(s), 0 left on base; Athens 3 - Nashua 5 |
TOP OF THE 8TH |
Athens Assassins batting - Pitching for Nashua Redlegs : LHP Salvatorio Navegero
|
Now at SS: José Flores
|
|
Batting: RHB Roderick Silva
|
0-0: Ball 1-0: Ball 2-0: Ball 3-0: Called Strike 3-1: Reached on error, E4 (Groundball, 4)
|
Pitching: LHP Tomás Salgado
|
|
Pinch Runner at 1st Gunner Allen:
|
|
Batting: RHB Foster Hapgood
|
0-0: Fly out, F5 (Popup, 5S)
|
Pitching: RHP Miguel Rodríguez
|
|
Batting: RHB Júlio Rodríguez
|
0-0: Ball 1-0: Ball 2-0: Fly out, F9 (Flyball, 9D)
|
Pitching: LHP Jorge Melgaza
|
|
Batting: LHB Milo Glenn
|
0-0: Ball 1-0: Ball 2-0: Ground out 1-3 (Groundball, 13S)
|
Top of the 8th over - 0 run(s), 0 hit(s), 1 error(s), 1 left on base; Athens 3 - Nashua 5 |
BOTTOM OF THE 8TH |
Nashua Redlegs batting - Pitching for Athens Assassins : RHP Jorge Román
|
Now at 1B: Emílio García
|
|
Batting: RHB Eleuterio Supardo
|
0-0: Ball 1-0: Foul Ball, location: 2F 1-1: Swinging Strike 1-2: Foul Ball, location: 2F 1-2: Ball 2-2: Foul Ball, location: 2F 2-2: Strikes out swinging
|
Batting: RHB Joe Noble
|
0-0: Ball 1-0: Fly out, F9 (Flyball, 9)
|
Batting: RHB Spencer Pritchett
|
0-0: Ball 1-0: Called Strike 1-1: Swinging Strike 1-2: Strikes out swinging
|
Bottom of the 8th over - 0 run(s), 0 hit(s), 0 error(s), 0 left on base; Athens 3 - Nashua 5 |
TOP OF THE 9TH |
Athens Assassins batting - Pitching for Nashua Redlegs : LHP Jorge Melgaza
|
Pitching: RHP Samuel Farrell
|
|
Now in LF: Alan Evans
|
|
Batting: SHB Félix Montoya
|
0-0: Called Strike 0-1: Ball 1-1: Swinging Strike 1-2: Foul Ball, location: 2F 1-2: Ball 2-2: SOLO HOME RUN (Flyball, 8RXD), Distance : 431 ft
|
Pinch Hitting: RHB Jimmy King
|
0-0: Ball 1-0: DOUBLE (Flyball, 9LM)
|
Batting: SHB Emílio Calvillo
|
0-0: Ball 1-0: Foul Ball, location: 2F 1-1: Ball 2-1: Single, Error in OF, E9, batter to second base Jimmy King scores
|
Pinch Hitting: LHB George Flanagan
|
0-0: Ball 1-0: Ball 2-0: Ball 3-0: Base on Balls
|
Batting: RHB Jason Erickson
|
0-0: Foul Ball, location: 2F 0-1: Fly out, F9 (Flyball, 9)
|
Pinch Hitting: RHB Brady McIntyre
|
0-0: Ball 1-0: Called Strike 1-1: Foul Ball, location: 2F 1-2: Strikes out looking
|
Batting: RHB Foster Hapgood
|
0-0: Ball 1-0: Called Strike 1-1: Ball 2-1: Ground out 1-3 (Groundball, P)
|
Top of the 9th over - 2 run(s), 3 hit(s), 1 error(s), 2 left on base; Athens 5 - Nashua 5 |
BOTTOM OF THE 9TH |
Nashua Redlegs batting - Pitching for Athens Assassins : RHP Jorge Román
|
Now at 1B: Jorge Loanos
|
|
Now at 2B: George Flanagan
|
|
Now in LF: Jimmy King
|
|
Pinch Hitting: RHB Juan Reyes
|
0-0: Called Strike 0-1: Ball 1-1: Foul Ball, location: 2F 1-2: Fly out, F9 (Flyball, 9)
|
Pinch Hitting: SHB José Hernández
|
0-0: Swinging Strike 0-1: Called Strike 0-2: Ball 1-2: Foul Ball, location: 2F 1-2: Strikes out swinging
|
Batting: SHB José Flores
|
0-0: Swinging Strike 0-1: Swinging Strike 0-2: Strikes out looking
|
Bottom of the 9th over - 0 run(s), 0 hit(s), 0 error(s), 0 left on base; Athens 5 - Nashua 5 |
TOP OF THE 10TH |
Athens Assassins batting - Pitching for Nashua Redlegs : RHP Samuel Farrell
|
Now at C: Juan Reyes
|
|
Now in LF: José Hernández
|
|
Pinch Hitting: RHB George Arnold
|
0-0: Called Strike 0-1: Foul Ball, location: 2F 0-2: Ground out 6-3 (Groundball, 6)
|
Batting: LHB Milo Glenn
|
0-0: Ball 1-0: Ball 2-0: Ball 3-0: Called Strike 3-1: Base on Balls
|
Batting: SHB Félix Montoya
|
0-0: Ball 1-0: Called Strike Milo Glenn steals 2nd base 1-1: Called Strike 1-2: SINGLE (Groundball, 34D) Milo Glenn to third Runner from 3rd tries for Home, SAFE, no throw
|
Pitching: LHP Shannon Thomas
|
|
Batting: RHB Jimmy King
|
0-0: Foul Ball, location: 2F 0-1: Called Strike 0-2: Ball 1-2: Strikes out swinging
|
Pinch Hitting: RHB Luis Méndez
|
0-0: Ball 1-0: Called Strike 1-1: Ball 2-1: Fly out, F9 (Flyball, 9LS)
|
Top of the 10th over - 1 run(s), 1 hit(s), 0 error(s), 1 left on base; Athens 6 - Nashua 5 |
BOTTOM OF THE 10TH |
Nashua Redlegs batting - Pitching for Athens Assassins : RHP Jorge Román
|
Pitching: RHP Jimmy Banks
|
|
Now at C: Luis Méndez
|
|
Now at 2B: Fred Hubbard
|
|
Batting: SHB Ryan Holcomb
|
0-0: Called Strike 0-1: Ball 1-1: Foul Ball, location: 2F 1-2: Ball 2-2: Strikes out swinging
|
Batting: RHB José Zumaya
|
0-0: Foul Ball, location: 2F 0-1: Fly out, F5 (Line Drive, 56S)
|
Batting: RHB Currito Campos
|
0-0: Called Strike 0-1: Swinging Strike 0-2: Strikes out swinging
|
Bottom of the 10th over - 0 run(s), 0 hit(s), 0 error(s), 0 left on base; Athens 6 - Nashua 5 |
|